 Dungeon Crawl Stone Soup version 0.18.1-1-g2f07953 (webtiles) character file.

57 moxian the Insei (level 3, 0/42 HPs)
             Began as a Demigod Transmuter on May 7, 2016.
             Slain by an adder (3 damage)
             ... on level 2 of the Dungeon.
             The game lasted 00:07:39 (1323 turns).

moxian the Insei (Demigod Transmuter)               Turns: 1323, Time: 00:07:39

Health: 0/42       AC: 21    Str: 13    XL:     3   Next: 50%
Magic:  2/8        EV:  2    Int: 17    God:
Gold:   27         SH:  0    Dex: 18    Spells: 3 memorised, 0 levels left

rFire  . . .     SeeInvis .       - Unarmed
rCold  . . .     Gourm    .     (armour currently unavailable)
rNeg   + + +     Faith    .     (no shield)
rPois  +         Spirit   .     (helmet currently unavailable)
rElec  .         Dismiss  .     (cloak currently unavailable)
rCorr  .         Reflect  .     (gloves currently unavailable)
SustAt +         Harm     .     (boots currently unavailable)
MR     .....     NoTele   +     (no amulet)
Stlth  ++........               (no ring)
                                (no ring)

@: lethally poisoned (0 -> -5), tree-form, very slightly contaminated, not
resistant to hostile enchantments, unstealthy
A: high mp 1, sustain attributes
a: no special abilities


You were on level 2 of the Dungeon.
You were not hungry.
You were a tree.
You visited 1 branch of the dungeon, and saw 2 of its levels.

You collected 27 gold pieces.

Inventory:

Hand Weapons
 f - a +0 club
 i - a +0 club
 j - a +0 club
 l - a +0 club
 m - a +0 whip
 n - a cursed -1 hunting sling
 s - a +0 club
 u - a +0 club
 v - a +0 whip
Missiles
 a - 34 arrows
 p - 45 stones (quivered)
Armour
 b - a +0 robe (melded)
 k - a +0 pair of boots (melded)
Scrolls
 g - a scroll of teleportation {unknown}
 r - a scroll of recharging {unknown}
 t - a scroll of enchant armour {unknown}
Potions
 o - a potion of resistance {unknown}
 q - a potion of agility {unknown}
Books
 c - a book of Changes

   Spells                             Type                      Level
   a - Beastly Appendage              Transmutation                1
   b - Sticks to Snakes               Transmutation                2
   c - Spider Form                    Transmutation/Poison         3
   d - Ice Form                       Ice/Transmutation            4
   e - Blade Hands                    Transmutation                5
Comestibles
 d - 2 bread rations
 h - 4 chunks of flesh


   Skills:
 - Level 1.1 Fighting
 - Level 2.0 Dodging
 - Level 3.4 Unarmed Combat
 - Level 2.2 Spellcasting
 - Level 2.2 Transmutations
 + Level 0.1 Poison Magic


You couldn't memorise any spells.
You knew the following spells:

 Your Spells              Type           Power        Failure   Level  Hunger
a - Beastly Appendage     Trmt           #.....       10%         1    #......
b - Sticks to Snakes      Trmt           #.......     14%         2    ###....
c - Spider Form           Trmt/Pois      #.........   38%         3    ###....


Dungeon Overview and Level Annotations

Branches:
Dungeon (2/15)


Innate Abilities, Weirdness & Mutations

You have an increased reservoir of magic (+10% MP).
Your attributes are resistant to harm.


Message History

Casting: Sticks to Snakes
Confirm with . or Enter, or press ? or * to list all spells.
You miscast Sticks to Snakes.
You are very lightly contaminated with residual magic.
Strange energies run through your body.
You feel sick. The adder bites you.
* * * LOW HITPOINT WARNING * * *
Casting: Sticks to Snakes
Confirm with . or Enter, or press ? or * to list all spells.
You create a snake!
You now have 34 arrows.
The adder bites you.
* * * LOW HITPOINT WARNING * * *
You are more poisoned.
The adder poisons you!
* * * LOW HITPOINT WARNING * * *
You feel sick.
Drink which item? (? for menu, Esc to quit)
It was a potion of lignification.
You turn into a tree.
Your +0 pair of boots melds into your body.
Your +0 robe melds into your body.
Your roots penetrate the ground.
The adder bites you.
You die...

# # ...# # #.# #.?.# # #.#
.... # #.# #.$. # # ###.#
... .# # #...# #.#..# #
#.#.# #########)#..# #
#.#.# #.....♣SS....# #
#.#)# #.#######.#..####
###.#.#####.......w.......K
..........#..######.#..###
###.#.###.#..# #.#..# #.#.#
#....# #.# ... #.#.# ###.##
#.# ... #.#.# #.# #.# ###
#.#.#####.#######.#


You could see an adder and a friendly ball python.

Vanquished Creatures
  An adder (D:2)
  A dart slug (D:2)
  4 bats (D:1)
  A giant cockroach (D:2)
  3 goblins
  11 hobgoblins
  10 jackals
  2 kobolds
  5 rats
38 creatures vanquished.

Notes
Turn   | Place    | Note
--------------------------------------------------------------
     0 | D:1      | moxian the Demigod Transmuter began the quest for the Orb.
     0 | D:1      | Reached XP level 1. HP: 15/15 MP: 5/5
   279 | D:1      | Reached skill level 3 in Unarmed Combat
   481 | D:1      | Reached XP level 2. HP: 22/22 MP: 4/7
   490 | D:1      | Learned a level 2 spell: Sticks to Snakes
   975 | D:2      | Reached skill level 1 in Fighting
   983 | D:2      | Reached XP level 3. HP: 27/28 MP: 6/8
  1060 | D:2      | Learned a level 3 spell: Spider Form
  1323 | D:2      | Slain by an adder

Skill      XL: |  1  2 |
---------------+-------+-----
Unarmed Combat | 3 |  3.4
Spellcasting   | 2 |  2.2
Transmutations | 2 |  2.2
Dodging        | 2 |  2.0
Fighting       | 1 |  1.1
Poison Magic   | |  0.1

Action                   || total
-------------------------++-------
Melee: Unarmed           ||   111
       Headbutt          ||    18
       Kick              ||     3
       Punch             ||     2
Throw: Stone             ||     3
 Cast: Beastly Appendage ||    26
       Sticks to Snakes  ||     2
  Use: Potion            ||     1
 Stab: Distracted        ||     1
       Sleeping          ||     2
  Eat: Chunk             ||     2
Armor: Robe              ||    19
Dodge: Dodged            ||    73
